 Dungeon Crawl Stone Soup version 0.26-a0-259-g1effd001a9 (webtiles) character file.

Game seed: 12111237543240022954

207551 Lugonue the Brawler (level 18, 0/144 HPs)
             Began as a Ghoul Monk on July 17, 2020.
             Was a High Priest of Okawaru.
             Slain by a shambling mangrove (21 damage)
             ... on level 1 of the Swamp on July 20, 2020.
             The game lasted 02:30:08 (47745 turns).

Lugonue the Brawler (Ghoul Monk)                   Turns: 47745, Time: 02:30:09

Health: 0/144      AC: 21    Str: 14    XL:     18   Next: 75%
Magic:  22/36      EV:  9    Int: 16    God:    Okawaru [*****.]
Gold:   1144       SH: 11    Dex: 11    Spells: 21/48 levels left

rFire    + + +     SeeInvis +     - Unarmed
rCold    + + +     Faith    .   P - +0 kite shield
rNeg     + + +     Spirit   .   d - +7 Kryia's mail coat {PotionHeal*2 rC+}
rPois    ∞         Reflect  .   k - +2 hat {MR+}
rElec    .         Harm     .   C - +1 cloak {MR+}
rCorr    .                      (no gloves)
MR       ++++.                  n - +0 pair of boots
Stlth    +.........             D - amulet of Lateu {Regen+ Str-4 Int+6 SInv}
HPRegen  0.00/turn              E - ring of the Shining Light {*Drain rF+++ rC+ MR+ SInv}
MPRegen  0.25/turn              M - ring of wizardry

@: grasped by roots, very slightly contaminated, rotting, constricted, studying
Hexes
A: rotting body, claws 1, carnivore, cold resistance 1, negative energy
resistance 3, inhibited regeneration, torment resistance, unbreathing
}: 1/15 runes: serpentine
a: Heroism, Finesse, Renounce Religion


You were on level 1 of the Swamp.
You worshipped Okawaru.
Okawaru was extremely pleased with you.
You were not hungry.

You visited 6 branches of the dungeon, and saw 31 of its levels.
You visited the Abyss 1 time.

You collected 3744 gold pieces.
You spent 2600 gold pieces at shops.

Inventory:

Hand Weapons
 j - a +0 scimitar of flaming
Missiles
 l - 54 poisoned darts
 o - 9 silver boomerangs
 I - 5 throwing nets
 T - 11 javelins (quivered)
Armour
 d - the +7 Kryia's mail coat (worn) {PotionHeal*2 rC+}
   (You found it on level 4 of the Dungeon)

   It protects you from cold.
 k - a +2 hat of magic resistance (worn)
 n - a +0 pair of boots (worn)
 C - a +1 cloak of magic resistance (worn)
 G - the +4 hat of Moral Flaws {-Tele rC+ rN+ MR++}
   (Okawaru gifted it to you on level 1 of the Snake Pit)

   It protects you from cold.
   It protects you from negative energy.
   It affects your resistance to hostile enchantments.
   It prevents most forms of teleportation.
 P - a +0 kite shield (worn)
Magical Staves
 c - an uncursed staff of earth
Jewellery
 f - an uncursed ring of magical power
 B - an uncursed ring of protection from cold
 D - the amulet of Lateu (around neck) {Regen+ Str-4 Int+6 SInv}
   (You acquired it on level 12 of the Dungeon)

   [amulet of regeneration]

   It affects your strength (-4).
   It affects your intelligence (+6).
   It lets you see invisible.
   It increases your rate of regeneration.
 E - the ring of the Shining Light (left claw) {*Drain rF+++ rC+ MR+ SInv}
   (You bought it in a shop on level 2 of the Orcish Mines)

   [ring of see invisible]

   It renders you almost immune to fire.
   It protects you from cold.
   It affects your resistance to hostile enchantments.
   It lets you see invisible.
   It causes draining when unequipped.
 L - a +6 ring of dexterity
 M - a ring of wizardry (right claw)
Wands
 b - a wand of flame (33)
 e - a wand of paralysis (9)
 h - a wand of random effects (53)
 m - a wand of disintegration (31)
 w - a wand of enslavement (13)
 F - a wand of digging (4)
 J - a wand of iceblast (7)
 O - a wand of polymorph (15)
 S - a wand of clouds (6)
 X - a wand of acid (12)
Scrolls
 s - 13 scrolls of remove curse
 v - 2 scrolls of enchant armour
 y - 5 scrolls of teleportation
 A - 4 scrolls of amnesia
 N - a scroll of fear
 R - 4 scrolls of identify
 U - a scroll of magic mapping
 V - a scroll of silence
Potions
 a - 8 potions of curing
 g - a potion of brilliance
 i - 4 potions of might
 p - 3 potions of resistance
 q - a potion of invisibility
 t - 4 potions of cancellation
 u - 3 potions of stabbing
 K - 5 potions of haste
 W - a potion of ambrosia
Books
 r - a manual of Hexes


   Skills:
 - Level 8.8 Fighting
 - Level 3.4 Throwing
 - Level 10.0 Armour
 + Level 10.2 Dodging
 - Level 4.6 Stealth
 + Level 9.3 Shields
 - Level 17.3 Unarmed Combat
 - Level 15.6 Spellcasting
 + Level 3.2 Necromancy
 + Level 0.6 Ice Magic
 - Level 8.3 Poison Magic
 - Level 5.1 Invocations
 - Level 1.4 Evocations


You had 21 spell levels left.
You knew the following spells:

 Your Spells              Type           Power        Failure   Level
a - Poisonous Vapours     Pois/Air       ####..       4%          2
b - Ignite Poison         Fire/Tmut/Pois ###.....     13%         3
c - Olgreb's Toxic Radia  Pois           #####...     4%          4
d - Mephitic Cloud        Conj/Pois/Air  ###.....     13%         3
e - Blink                 Tloc           N/A          21%         2
f - Vampiric Draining     Necr           ###.......   12%         3
g - Frozen Ramparts       Ice            ##....       32%         3
h - Ozocubu's Armour      Chrm/Ice       ##......     34%         3
i - Summon Ice Beast      Ice/Summ       ##......     73%         4

Your spell library contained the following spells:

 Spells                   Type           Power        Failure   Level
 Sting                    Tmut/Pois      ####         2%          1
 Animate Skeleton         Necr           ###...       4%          1
 Pain                     Necr           ###.         4%          1
 Freeze                   Ice            ##..         11%         1
 Corona                   Hex            ##.....      14%         1
 Magic Dart               Conj           ##..         14%         1
 Summon Butterflies       Summ           ##......     14%         1
 Summon Small Mammal      Summ           ##..         14%         1
 Ensorcelled Hibernation  Hex/Ice        ##....       19%         2
 Call Imp                 Summ           ##......     21%         2
 Searing Ray              Conj           ##....       21%         2
 Slow                     Hex            ##......     21%         2
 Sticks to Snakes         Tmut           ##......     21%         2
 Animate Dead             Necr           ###.......   34%         4
 Call Canine Familiar     Summ           ##......     38%         3
 Confusing Touch          Hex            ##......     38%         3
 Conjure Flame            Conj/Fire      ##......     38%         3
 Dazzling Flash           Conj/Hex       ##....       38%         3
 Gell's Gravitas          Tloc           ##........   38%         3
 Inner Flame              Hex/Fire       ##......     38%         3
 Portal Projectile        Hex/Tloc       ##....       38%         3
 Recall                   Summ/Tloc      N/A          38%         3
 Tukima's Dance           Hex            ##......     38%         3
 Agony                    Necr           ###.....     67%         5
 Hailstorm                Conj/Ice       ##......     73%         4
 Cause Fear               Hex            ##........   77%         4
 Fulminant Prism          Conj/Hex       ##........   77%         4
 Iskenderun's Mystic Bla  Conj/Tloc      ##......     77%         4
 Leda's Liquefaction      Hex/Erth       ##........   77%         4
 Petrify                  Tmut/Erth      ##......     77%         4
 Summon Lightning Spire   Summ/Air       ##......     77%         4
 Metabolic Englaciation   Hex/Ice        ##........   96%         5
 Aura of Abjuration       Summ           ##........   98%         5
 Irradiate                Conj/Tmut      ##........   98%         5
 Summon Demon             Summ           ##........   98%         5
 Summon Forest            Summ/Tloc      ##........   98%         5
 Summon Mana Viper        Hex/Summ       ##......     98%         5
 Yara's Violent Unravell  Hex/Tmut       ##........   98%         5
 Shadow Creatures         Summ           N/A          100%        6
 Spellforged Servitor     Conj/Summ      ##........   100%        7
 Summon Hydra             Summ           ##........   100%        7
 Spider Form              Tmut/Pois      Unusable     N/A         3
 Beastly Appendage        Tmut           Unusable     N/A         1
 Ice Form                 Ice/Tmut       Unusable     N/A         4
 Blade Hands              Tmut           Unusable     N/A         5
 Hydra Form               Tmut           Unusable     N/A         6
 Statue Form              Tmut/Erth      Unusable     N/A         6
 Dragon Form              Tmut           Unusable     N/A         7

Dungeon Overview and Level Annotations

Branches:
Dungeon (15/15)            Temple (0/1) D:5            Lair (6/6) D:10
  Swamp (1/4) Lair:2        Snake (4/4) Lair:2        Slime (0/5) Lair:6
    Orc (2/2) D:12            Elf (3/3) Orc:2        Vaults (0/5) D:13
 Depths (0/5) D:15

Altars:
Ashenzari
Dithmenos
Elyvilon
Fedhas
Hepliaklqana
Kikubaaqudgha
Nemelex Xobeh
Okawaru
Qazlal
Ru
Sif Muna
Trog
Uskayaw
Vehumet
Wu Jian
Xom
Yredelemnul
Zin
Beogh
Jiyva

Shops:
D:6 *%*?   D:8 :   D:10 =   D:14 !   D:15 (}   Orc:2 !=*[   Snake:1 (

Annotations:
D:3 3 runed translucent doors, XanderDroid's ghost, amateur GnWz
D:8 3 runed translucent doors, gruber's ghost, novice DgIE
Lair:6 exclusion: oklob plant
Snake:1 1 runed translucent door, Reel's ghost, journeyman DsBe


Innate Abilities, Weirdness & Mutations

Your body is rotting away.
You thrive on raw meat.
You are immune to poison.
You have sharp fingernails.
You are carnivorous and can eat meat at any time.
Your flesh is cold resistant. (rC+)
You are immune to negative energy. (rN+++)
You do not regenerate when monsters are visible.
You are immune to unholy pain and torment.
You can survive without breathing.


Message History

The hornet is engulfed in blazing flames.
The hornet closely misses you.
The shambling mangrove is engulfed in blazing flames.
The shambling mangrove hits you!!
* * * LOW HITPOINT WARNING * * *
x2 The grasping roots constrict you!
The hornet is engulfed in blazing flames.
You block the hornet's attack.
Casting: Olgreb's Toxic Radiance (mildly dangerous; 4% risk of failure)
Confirm with . or Enter, or press ? or * to list all spells.
You don't know that spell.
Casting: Olgreb's Toxic Radiance (mildly dangerous; 4% risk of failure)
Confirm with . or Enter, or press ? or * to list all spells.
You miscast Blink.
You are very lightly contaminated with residual magic.
Nothing appears to happen.
Your toxic aura wanes.
The hornet stings you but does no damage.
The hornet barely misses you. The shambling mangrove hits you!!
You die...

♣♣≈.≈§..≈.≈.♣♣♣♣.≈≈
≈≈≈≈.♣♣♣.......≈≈≈≈≈...≈
≈≈.≈≈.≈♣♣.....≈≈≈...≈≈..
........♣...♣♣♣...≈≈≈..♣
♣.....!.♣♣♣♣♣ ♣♣.♣♣≈....
♣♣.>.≈≈≈.♣♣♣♣♣ ♣♣≈♣♣♣≈≈≈
.≈.≈.°°≈≈≈≈≈≈♣♣ ♣≈♣≈≈≈≈
♣≈..y°fy≈≈≈≈≈.♣ ♣♣.≈≈≈
♣y@...≈≈.♣♣♣♣ ♣.≈≈≈
♣♣♣♣♣♣≈≈♣§..♣♣♣.≈≈≈
♣♣♣≈.≈..≈≈≈≈≈≈
♣♣≈≈≈≈≈≈≈≈.≈≈≈
♣..§.≈≈§≈#≈...
♣♣≈≈.....##...
♣...≈≈...##...
♣♣≈≈≈≈.≈.#####
♣♣♣♣≈.≈≈.....##


You could see a shambling mangrove and 3 hornets.

Vanquished Creatures
  A deep elf blademaster (Elf:2)
  Kirke (Snake:2)
  9 nagarajas
  An orc warlord (Orc:1)
  Azrael (Elf:1)
  A fire dragon (Lair:6)
  Josephine (D:13)
  5 deep elf death magi
  A quicksilver dragon zombie (D:15)
  Harold (Lair:2)
  10 naga warriors
  4 vault guards (D:13)
  4 hydras
  5 anacondas
  3 centaur warriors (D:13)
  A catoblepas (Lair:6)
  18 dancing weapons
  2 two-headed ogres
  3 alligators (Swamp:1)
  5 orc high priests (Orc:2)
  5 shock serpents
  Urug (Lair:5)
  Nergalle (Lair:1)
  2 small abominations (Elf:1)
  23 deep elf knights
  13 naga sharpshooters
  4 salamander mystics
  2 skeletal warriors (D:15)
  A golden dragon zombie (D:15)
  8 wizards
  6 deep elf archers
  4 swamp dragons
  8 naga ritualists
  A phantasmal warrior (D:15)
  2 necromancers
  4 orc sorcerers
  A stone giant zombie (D:15)
  6 orc knights
  7 mana vipers
  A cyclops (D:12)
  42 deep elf magi
  12 ugly things
  13 salamanders
  Maurice (D:8)
  9 elephants
  2 guardian serpents (Snake:4)
  33 black mambas
  23 naga magi
  A spriggan skeleton (D:15)
  7 cane toads
  9 komodo dragons
  3 rime drakes
  A tengu conjurer (D:15)
  11 trolls
  6 tyrant leeches (Swamp:1)
  A bog body (Swamp:1)
  7 blink frogs
  25 slime creatures
  8 hippogriffs
  A slime creature (shapeshifter) (Elf:1)
  A shadow (D:10)
  A meliai zombie (D:12)
  A spriggan (D:11)
  6 water elementals
  4 wyverns
  A vampire (D:11)
  2 fire elementals (Elf:1)
  31 yaks
  8 wraiths
  17 humans (D:13)
  7 steam dragons
  9 basilisks
  5 hogs (Snake:2)
  4 vampire mosquitoes
  2 acid dragons
  3 swamp worms (Swamp:1)
  43 nagas
  3 wargs
  Edmund (D:4)
  A soldier ant (D:15)
  19 water moccasins
  8 porcupines
  A hell hound (Elf:1)
  33 orc warriors
  4 swamp drakes
  4 ice beasts
  2 sky beasts
  2 black bears
  A hornet zombie (D:9)
  9 ogres
  4 phantoms
  2 wolves (D:10)
  5 centaurs
  A big kobold (D:9)
  12 crocodiles
  Blork the orc (D:4)
  A gnoll sergeant (D:6)
  A wyvern zombie (D:7)
  11 bullfrogs
  2 earth elementals
  2 wyvern skeletons
  2 scorpions
  3 killer bees (D:11)
  5 howler monkeys
  9 wights
  9 electric eels
  A bullfrog zombie (D:11)
  29 orc priests
  3 centaur zombies
  15 hounds
  4 jellies
  3 centaur skeletons
  21 orc wizards
  5 bullfrog skeletons
  Ijyb (D:3)
  8 iguanas
  11 worker ants
  A hound zombie (D:9)
  2 hound skeletons (D:11)
  3 gnolls (D:6)
  13 adders
  6 river rats (D:3)
  4 shadow imps
  2 white imps
  4 ufetubi
  2 oozes
  An adder skeleton (D:7)
  5 worms
  3 dart slugs
  4 leopard geckos
  77 orcs
  7 giant cockroaches
  7 hobgoblins
  6 jackals (D:2)
  10 kobolds
  5 quokkas
  2 ball pythons
  9 bats
  4 frilled lizards
  8 goblins
  A leopard gecko zombie (D:5)
  A quokka skeleton (D:9)
  9 rats
992 creatures vanquished.

Vanquished Creatures (collateral kills)
  An orc warrior (D:10)
  4 orc priests
  3 orcs (D:11)
8 creatures vanquished.

Vanquished Creatures (others)
  A naga sharpshooter (Snake:4)
  A naga mage (Snake:4)
  A vampire mosquito (D:12)
  A centaur (D:11)
  2 orc warriors (D:11)
  2 killer bees (D:11)
  A worker ant (D:8)
  7 fungi
  7 plants
23 creatures vanquished.

Grand Total: 1023 creatures vanquished

Notes
Turn   | Place    | Note
-------+----------+-------------------------------------------
     0 | D:1      | Lugonue the Ghoul Monk began the quest for the Orb.
     0 | D:1      | Reached XP level 1. HP: 19/19 MP: 0/0
   243 | D:1      | Reached XP level 2. HP: 23/26 MP: 1/1
   701 | D:2      | Reached XP level 3. HP: 22/31 MP: 2/2
   881 | D:2      | Reached skill level 4 in Unarmed Combat
  1072 | D:2      | Found a hazy altar of Hepliaklqana.
  1478 | D:2      | Reached XP level 4. HP: 39/39 MP: 3/3
  1658 | D:2      | Found a glowing silver altar of Zin.
  2251 | D:2      | Found a white marble altar of Elyvilon.
  2536 | D:3      | Reached XP level 5. HP: 43/46 MP: 4/4
  2660 | D:3      | Reached skill level 1 in Throwing
  2661 | D:3      | Reached skill level 5 in Unarmed Combat
  3241 | D:3      | Reached XP level 6. HP: 48/52 MP: 5/5
  3571 | D:3      | Noticed XanderDroid's ghost (amateur GnWz)
  3780 | D:3      | Noticed Ijyb
  3787 | D:3      | Killed Ijyb
  3983 | D:3      | Found an iron altar of Okawaru.
  3993 | D:3      | Became a worshipper of Warmaster Okawaru
  3993 | D:3      | Reached * piety under Okawaru
  3993 | D:3      | Reached ** piety under Okawaru
  4269 | D:3      | Found a runed translucent gate.
  4270 | D:3      | Found a runed translucent gate.
  4271 | D:3      | Found a runed translucent gate.
  4271 | D:3      | Found a roughly hewn altar of Beogh.
  4525 | D:4      | Noticed Edmund
  4535 | D:4      | Killed Edmund
  4535 | D:4      | Reached skill level 6 in Unarmed Combat
  4535 | D:4      | Reached XP level 7. HP: 59/59 MP: 6/6
  4613 | D:4      | Found a large runed translucent door.
  4613 | D:4      | Found a large runed translucent door.
  4614 | D:4      | Found the +7 Kryia's mail coat {PotionHeal*2 rC+}
  4621 | D:4      | Found a large runed translucent door.
  4621 | D:4      | Found a large runed translucent door.
  4749 | D:4      | Got a faintly glowing copper ring
  4750 | D:4      | Identified the ring of Xom's Malicious Joy {Ice Str-5 Int+7
                  | Dex+7} (You found it on level 4 of the Dungeon)
  4884 | D:4      | Noticed Blork the orc
  4894 | D:4      | Killed Blork the orc
  4894 | D:4      | Reached skill level 1 in Armour
  5280 | D:5      | Entered Level 5 of the Dungeon
  5506 | D:5      | Reached *** piety under Okawaru
  5564 | D:5      | Found a staircase to the Ecumenical Temple.
  5574 | D:5      | Reached skill level 7 in Unarmed Combat
  5638 | D:5      | Found a shattered altar of Ashenzari.
  5839 | D:5      | Reached XP level 8. HP: 55/66 MP: 7/7
  5933 | D:5      | Found a sparkling altar of Nemelex Xobeh.
  6014 | D:5      | Found a shattered altar of Ashenzari.
  6016 | D:5      | Found a radiant altar of Vehumet.
  6071 | D:5      | Found a basalt altar of Yredelemnul.
  6327 | D:6      | Found Exidu's Assorted Antiques.
  6332 | D:6      | Found Emeiter's Food Boutique.
  6334 | D:6      | Bought a scroll labeled LYSTOI DOMUMISH for 31 gold pieces
  6334 | D:6      | Bought an inky potion for 27 gold pieces
  6334 | D:6      | Bought a scroll of teleportation for 93 gold pieces
  6334 | D:6      | Bought a scroll of teleportation for 93 gold pieces
  6585 | D:6      | Reached skill level 1 in Invocations
  6667 | D:6      | Reached skill level 8 in Unarmed Combat
  6745 | D:6      | Found Vyatats Poda's Magic Scroll Shop.
  6767 | D:6      | Found a shadowy altar of Dithmenos.
  7008 | D:6      | Found Afutz's Assorted Antiques.
  7043 | D:6      | Found a blossoming altar of Fedhas.
  7044 | D:6      | Found a stormy altar of Qazlal.
  7285 | D:6      | Bought a scroll of teleportation for 33 gold pieces
  7411 | D:7      | Noticed a hippogriff
  7421 | D:7      | Killed a hippogriff
  7421 | D:7      | Reached XP level 9. HP: 64/72 MP: 9/9
  7444 | D:7      | Reached skill level 9 in Unarmed Combat
  7618 | D:7      | Reached skill level 1 in Evocations
  7886 | D:7      | Reached **** piety under Okawaru
  8387 | D:7      | Found an ancient bone altar of Kikubaaqudgha.
  9167 | D:8      | Noticed Maurice
  9168 | D:8      | Reached skill level 5 in Fighting
  9168 | D:8      | Reached skill level 10 in Unarmed Combat
  9482 | D:8      | Killed Maurice
  9482 | D:8      | Reached skill level 5 in Dodging
  9660 | D:8      | Found a runed translucent gate.
  9662 | D:8      | Found a runed translucent gate.
  9663 | D:8      | Found a runed translucent gate.
  9664 | D:8      | Noticed gruber's ghost (novice DgIE)
  9793 | D:8      | Found an ornate altar of the Wu Jian Council.
  9826 | D:8      | Reached XP level 10. HP: 67/81 MP: 10/10
  9838 | D:8      | Reached skill level 5 in Armour
  9860 | D:8      | Found Vecavepp's Book Emporium.
 10099 | D:8      | Found a bloodstained altar of Trog.
 10123 | D:8      | Noticed a two-headed ogre
 10135 | D:8      | Killed a two-headed ogre
 10135 | D:8      | Reached skill level 11 in Unarmed Combat
 10578 | D:9      | Found a hide-covered altar of Uskayaw.
 10581 | D:9      | Found a sacrificial altar of Ru.
 10696 | D:9      | Noticed a +0 dagger
 10697 | D:9      | Noticed a +0 dagger
 10945 | D:9      | Reached ***** piety under Okawaru
 10992 | D:9      | Reached skill level 12 in Unarmed Combat
 11554 | D:10     | Entered Level 10 of the Dungeon
 11554 | D:10     | Found Astryst's Jewellery Shoppe.
 11692 | D:10     | Reached XP level 11. HP: 36/88 MP: 11/11
 11923 | D:10     | Found a staircase to the Lair.
 12990 | D:11     | Reached skill level 13 in Unarmed Combat
 13000 | D:11     | Received a gift from Okawaru
 13014 | D:11     | Noticed a white ugly thing
 13031 | D:11     | Killed a white ugly thing
 14343 | D:12     | Noticed a green ugly thing
 14356 | D:12     | Killed a green ugly thing
 14366 | D:12     | Identified a scroll of acquirement
 14366 | D:12     | Acquired the amulet of Lateu {Regen+ Str-4 Int+6 SInv}
 14778 | D:12     | Noticed a cyclops
 14811 | D:12     | Killed a cyclops
 14811 | D:12     | Reached skill level 14 in Unarmed Combat
 15347 | D:12     | Received a gift from Okawaru
 15350 | D:12     | Got a shimmering robe {god gift}
 15407 | D:12     | Identified the +1 robe of the Unbroken {rC+ Str-2 Stlth+}
                  | (Okawaru gifted it to you on level 12 of the Dungeon)
 15893 | D:13     | Noticed a red ugly thing
 15904 | D:13     | Killed a red ugly thing
 16344 | D:13     | Noticed a centaur warrior
 16361 | D:13     | Killed a centaur warrior
 16361 | D:13     | Reached XP level 12. HP: 85/97 MP: 12/12
 16370 | D:13     | Reached skill level 15 in Unarmed Combat
 16374 | D:13     | Noticed Josephine
 16392 | D:13     | Killed Josephine
 16405 | D:13     | Reached skill level 1 in Shields
 16685 | D:13     | Found a shimmering altar of Xom.
 16703 | D:13     | Noticed a centaur warrior
 16722 | D:13     | Killed a centaur warrior
 16773 | D:13     | Noticed a two-headed ogre
 16782 | D:13     | Killed a two-headed ogre
 16908 | D:13     | Noticed a centaur warrior
 16932 | D:13     | Killed a centaur warrior
 17212 | D:13     | Reached skill level 16 in Unarmed Combat
 17510 | Lair:1   | Entered Level 1 of the Lair of Beasts
 17748 | Lair:1   | Noticed Nergalle
 17758 | Lair:1   | Killed Nergalle
 18094 | Lair:1   | Reached XP level 13. HP: 92/104 MP: 13/13
 18200 | Lair:1   | Received a gift from Okawaru
 18818 | Lair:2   | Received a gift from Okawaru
 18828 | Lair:2   | Reached skill level 17 in Unarmed Combat
 18904 | Lair:2   | Found a staircase to the Snake Pit.
 18980 | Lair:2   | Noticed Harold
 19000 | Lair:2   | Killed Harold
 19000 | Lair:2   | Received a gift from Okawaru
 19204 | Lair:2   | Found a staircase to the Swamp.
 19516 | Lair:2   | Got a spiked ring mail
 19528 | Lair:2   | Identified the +1 ring mail of the Beginning {-Tele rN+
                  | Int+5} (You found it on level 2 of the Lair of Beasts)
 20069 | D:14     | Noticed an ogre mage
 20275 | D:13     | Found a gate to the Vaults.
 20275 | D:13     | Noticed a vault guard
 20275 | D:13     | Noticed a vault guard
 20275 | D:13     | Noticed a vault guard
 20275 | D:13     | Noticed a vault guard
 20293 | D:13     | Killed a vault guard
 20293 | D:13     | Reached ****** piety under Okawaru
 20293 | D:13     | Reached skill level 1 in Spellcasting
 20298 | D:13     | Killed a vault guard
 20307 | D:13     | Killed a vault guard
 20350 | D:13     | Killed a vault guard
 20506 | D:13     | Got a vibrating golden amulet
 20909 | D:14     | Found Buusti's Distillery.
 21111 | D:8      | Bought a Young Poisoner's Handbook for 600 gold pieces
 21117 | D:8      | Learned a level 2 spell: Poisonous Vapours
 21121 | D:8      | Learned a level 3 spell: Ignite Poison
 21126 | D:8      | Learned a level 4 spell: Olgreb's Toxic Radiance
 21254 | D:15     | Entered Level 15 of the Dungeon
 21496 | D:15     | Found Irunausch's Gadget Boutique.
 21594 | D:15     | Found a staircase to the Depths.
 21871 | Lair:3   | Reached skill level 1 in Poison Magic
 22160 | Lair:3   | Received a gift from Okawaru
 22453 | Lair:3   | Reached XP level 14. HP: 113/113 MP: 10/18
 22798 | Lair:3   | Learned a level 3 spell: Mephitic Cloud
 22971 | Lair:3   | Identified the Disquisition on Companions
 24068 | Lair:5   | Noticed Urug
 24076 | Lair:5   | Killed Urug
 24205 | Lair:5   | Received a gift from Okawaru
 24331 | Lair:5   | Identified the amulet "Voshrisa" {RegenMP rN+ Str+4 Stlth-}
                  | (You found it on level 13 of the Dungeon)
 24763 | Lair:5   | Reached skill level 10 in Armour
 24763 | Lair:5   | Reached skill level 5 in Spellcasting
 25196 | Lair:6   | Entered Level 6 of the Lair of Beasts
 25445 | Lair:6   | Learned a level 2 spell: Blink
 25482 | Lair:6   | Reached skill level 5 in Shields
 25835 | Lair:6   | Found a viscous altar of Jiyva.
 25835 | Lair:6   | Found a staircase to the Slime Pits.
 26508 | Lair:6   | Found a blossoming altar of Fedhas.
 27061 | D:15     | Found Fassarr's Weapon Shop.
 27395 | D:14     | Got a sheer robe
 28021 | D:14     | Received a gift from Okawaru
 28021 | D:14     | Reached XP level 15. HP: 123/123 MP: 24/24
 28304 | D:15     | Reached skill level 5 in Poison Magic
 28429 | D:15     | Got a faintly humming scale mail
 28445 | D:15     | Identified the +5 scale mail "Ymnim" {rC++} (You found it
                  | on level 15 of the Dungeon)
 28455 | D:15     | Identified the +4 robe of the Sea {rF+ rC+ SInv} (You found
                  | it on level 14 of the Dungeon)
 28656 | D:15     | Found a white marble altar of Elyvilon.
 29239 | Snake:1  | Entered Level 1 of the Snake Pit
 29567 | D:12     | Received a gift from Okawaru
 29589 | D:12     | Found a staircase to the Orcish Mines.
 29617 | Orc:1    | Entered Level 1 of the Orcish Mines
 29904 | Orc:1    | Found a bloodstained altar of Trog.
 30129 | Orc:1    | Noticed an orc warlord
 30160 | Orc:1    | Killed an orc warlord
 30338 | Orc:2    | Entered Level 2 of the Orcish Mines
 30418 | Orc:2    | Found a roughly hewn altar of Beogh.
 31776 | Orc:2    | Received a gift from Okawaru
 31801 | Orc:2    | Got a pitted ring mail {god gift}
 31815 | Orc:2    | Identified the +1 ring mail of Okawaru's Benevolence {rElec
                  | Str+2 SInv} (Okawaru gifted it to you on level 2 of the
                  | Orcish Mines)
 31868 | Orc:2    | Found Zewer's Antique Armour Boutique.
 31868 | Orc:2    | Found Qoegoph's Distillery.
 31869 | Orc:2    | Found Litu's General Store.
 31869 | Orc:2    | Found Wazuiret's Jewellery Boutique.
 31878 | Orc:2    | Bought a scroll of teleportation for 39 gold pieces
 31881 | Orc:2    | Bought the ring of the Shining Light {*Drain rF+++ rC+ MR+
                  | SInv} for 1024 gold pieces
 31882 | Orc:2    | Bought a potion of curing for 48 gold pieces
 31882 | Orc:2    | Bought a potion of curing for 48 gold pieces
 31885 | Orc:2    | Bought a potion of curing for 39 gold pieces
 31962 | Orc:2    | Found a staircase to the Elven Halls.
 32078 | Elf:1    | Entered Level 1 of the Elven Halls
 32176 | Elf:1    | Noticed Azrael
 32200 | Elf:1    | Killed Azrael
 32267 | Elf:1    | Reached skill level 10 in Spellcasting
 32601 | Elf:1    | Reached XP level 16. HP: 73/130 MP: 4/29
 33157 | Elf:1    | Received a gift from Okawaru
 34163 | Elf:2    | Received a gift from Okawaru
 34196 | Elf:2    | Found a runed translucent gate.
 34196 | Elf:2    | Found a runed translucent gate.
 34196 | Elf:2    | Found a runed translucent gate.
 34738 | Elf:2    | Received a gift from Okawaru
 34788 | Elf:2    | Received a gift from Okawaru
 35060 | Elf:2    | Cast into level 3 of the Abyss (deep elf knight)
 35074 | Elf:2    | Escaped the Abyss
 35237 | Elf:2    | Found a shimmering blue altar of Sif Muna.
 35860 | Elf:2    | Noticed a deep elf blademaster
 35901 | Elf:2    | Killed a deep elf blademaster
 36085 | Elf:3    | Entered Level 3 of the Elven Halls
 36246 | Elf:2    | Reached XP level 17. HP: 109/134 MP: 16/33
 36936 | Snake:1  | Found Unnotam's Weapon Shoppe.
 37782 | Snake:1  | Received a gift from Okawaru
 37848 | Snake:1  | Got a distressingly furry hat {god gift}
 37860 | Snake:1  | Identified the +4 hat of Moral Flaws {-Tele rC+ rN+ MR++}
                  | (Okawaru gifted it to you on level 1 of the Snake Pit)
 38025 | Snake:1  | Found a runed translucent door.
 38026 | Snake:1  | Noticed Reel's ghost (journeyman DsBe)
 38320 | Snake:2  | Noticed Kirke
 38345 | Snake:2  | Killed Kirke
 38616 | Snake:2  | Acquired 1040 gold pieces
 39690 | Snake:3  | Learned a level 3 spell: Vampiric Draining
 39819 | Snake:3  | Reached skill level 15 in Spellcasting
 40904 | Snake:4  | Entered Level 4 of the Snake Pit
 41918 | Snake:4  | Reached skill level 5 in Invocations
 41933 | Snake:4  | Reached XP level 18. HP: 58/143 MP: 27/36
 42700 | D:8      | Bought a book of Frost for 525 gold pieces
 42706 | D:8      | Learned a level 3 spell: Frozen Ramparts
 43170 | Snake:4  | Received a gift from Okawaru
 44130 | Snake:4  | Reached skill level 1 in Necromancy
 44972 | Snake:4  | Learned a level 3 spell: Ozocubu's Armour
 44979 | Snake:4  | Learned a level 4 spell: Summon Ice Beast
 45065 | Snake:4  | Received a gift from Okawaru
 45550 | Snake:4  | Reached skill level 10 in Dodging
 45912 | Snake:4  | Received a gift from Okawaru
 45959 | Snake:4  | Got a serpentine rune of Zot
 46563 | Swamp:1  | Entered Level 1 of the Swamp
 47745 | Swamp:1  | Slain by a shambling mangrove

Illustrated notes

Levels and vault maps discovered:
D:1:      grunt_arrival_lava_bath, layout_basic
D:2:      layout_loops_corners, lemuel_doored_altar, overflow_temple_1_default,
          zin_statuary, serial_park_tiny_pond, kennysheep_crisscross
D:3:      layout_loops_corners, marbit_many_paths, lightli_sewer_entry_pipes,
          biasface_ghost_orc_armoury, uniq_ijyb
D:4:      layout_rooms, first_ration, minmay_hollow_rounded_squares,
          uniq_blork_the_orc, uniq_edmund
D:5:      layout_basic, nemelex_xobeh_ov_fountains_minmay, kennysheep_mini,
          chequers_temple_overflow_statue_of_worship, minmay_temple_entry_waves,
          nicolae_ashenzari_panopticon
D:6:      layout_loops_cross, grunt_temple_overflow_forces_of_nature,
          nicolae_dithmenos_the_darkroom, serial_shops, shop,
          nicolae_shop_crystal, nicolae_shop_window_shopping, shop,
          grunt_decor_mini_mirrors
D:7:      layout_layer_cave, kiku_gazebo_garden_becter
D:8:      layout_layer_cave, kennysheep_little_box,
          nicolae_overflow_crystal_walls, serial_shops, shop_fountains,
          gammafunk_ghost_spectres, uniq_maurice
D:9:      layout_irregular_city, dancing_weapons_uskayaw,
          nicolae_ru_great_annihilating_truth
D:10:     layout_cave_pools, erik_lair_island, serial_shops, shop
D:11:     layout_small_grid, the_bakery
D:12:     layout_basic, david_orc_2, hangedman_decor_peaks_small
D:13:     layout_loops_ring, grunt_vaults_entry_tiered, basic_altar,
          serial_bayou, serial_bayou_pond_c, serial_bayou_lake_a,
          serial_bayou_pond_a, serial_bayou_lagoon_a,
          hangedman_abyss_or_decor_passed, grunt_ministairs_6, uniq_josephine
D:14:     minmay_tri_stars, layout_cave_pools, minmay_door_square, serial_shops,
          nicolae_shop_stone
D:15:     gammafunk_depths_entry_grave, layout_cave_pods, basic_altar,
          serial_shops, shop, nicolae_shop_competitors_out_of_business,
          minivault_23, minmay_misc_feat_columns
Lair:1:   beast_lair_carwin_large_1, layout_cave_shapes, uniq_nergalle
Lair:2:   layout_roguey, swamp_mist_pool, minmay_snake_entry_six_corridors,
          cheibrodos_lair_reptile_den, lemuel_fruit_fields, uniq_harold
Lair:3:   layout_concentric_octagons, grunt_megastairs_5
Lair:4:   layout_loops_ring, lemuel_fruit_tree
Lair:5:   layout_small_grid, nicolae_quartered_pool_medium, st_stairs_7,
          uniq_urug
Lair:6:   guppyfry_lair_end_dragon, layout_misc_corridors,
          dpeg_slime_entry_enclosed_altar, tgw_fedhas
Swamp:1:  layout_basic_swamp, serial_swamp_ruin, hangedman_swamp_ruin_wall,
          evilmike_swamp_ruin_rubble_2, evilmike_swamp_ruin_house_5,
          infiniplex_staircase_pool
Snake:1:  layout_concentric_octagons, ebering_ghost_inner_flame, serial_shops,
          shop
Snake:2:  layout_grid_maze, uniq_kirke
Snake:3:  layout_onion
Snake:4:  snake_pit, layout_gridlike, fake_guardian_serpent_vault
Orc:1:    layout_caves, trog_book
Orc:2:    st_orc_pillars, layout_diamond_mine, nicolae_orc_lost_temple
Elf:1:    eino_elf_arrival_shootout, layout_geoelf_grid,
          minmay_elf_crystal_heptagon, uniq_azrael
Elf:2:    layout_gridlike, basic_altar
Elf:3:    grunt_elf_hall_asides, layout_gridlike, grunt_megastairs_2, uniq_mara,
          uniq_roxanne

Skill      XL: |  1  2  3  4  5  6  7  8  9 10 11 12 13 14 15 16 17 18 |
---------------+-------------------------------------------------------+-----
Dodging        | 3 4 5 6 7 9 10 | 10.2
Unarmed Combat | 4 5 6 7 8 10 12 14 16 17 | 17.3
Throwing       | 1 2 3 |  3.4
Stealth        | 3 4 |  4.6
Fighting       | 4 5 6 7 8 |  8.8
Armour         | 1 3 4 6 7 8 9 10 | 10.0
Invocations    | 1 5 |  5.1
Evocations     | 1 |  1.4
Shields        | 1 4 5 9 |  9.3
Spellcasting   | 3 7 10 13 15 | 15.6
Poison Magic   | 1 4 8 |  8.3
Necromancy     | 3 |  3.2
Ice Magic      | |  0.6

Action                   |  1- 3 |  4- 6 |  7- 9 | 10-12 | 13-15 | 16-18 || total
-------------------------+-------+-------+-------+-------+-------+-------++-------
Melee: Unarmed           |    96 |   191 |   304 |   740 |  1338 |  1663 ||  4332
       Punch             |       |     4 |    11 |    15 |       |       ||    30
       Scimitar          |       |       |       |       |       |     5 ||     5
Throw: Dart              |    13 |    33 |    54 |   113 |     6 |       ||   219
       Throwing net      |       |       |       |     2 |     1 |       ||     3
       Boomerang         |       |       |       |       |    20 |    17 ||    37
       Javelin           |       |       |       |       |       |     3 ||     3
 Cast: Poisonous Vapours |       |       |       |       |    74 |    35 ||   109
       Mephitic Cloud    |       |       |       |       |    36 |    45 ||    81
       Olgreb's Toxic Ra |       |       |       |       |    40 |    24 ||    64
       Ignite Poison     |       |       |       |       |    35 |    32 ||    67
       Blink             |       |       |       |       |     7 |     9 ||    16
       Vampiric Draining |       |       |       |       |       |    37 ||    37
       Frozen Ramparts   |       |       |       |       |       |    34 ||    34
Invok: Heroism           |       |     2 |    14 |    23 |    19 |    67 ||   125
       Finesse           |       |       |       |       |       |     4 ||     4
Evoke: Wand              |       |       |    10 |    17 |    37 |    26 ||    90
  Use: Scroll            |       |     8 |     6 |    13 |    12 |    18 ||    57
       Potion            |       |     3 |     1 |     4 |     1 |    11 ||    20
 Stab: Sleeping          |       |     8 |     5 |     5 |     2 |     2 ||    22
       Paralysed         |       |       |       |     2 |       |       ||     2
       Held in net/web   |       |       |       |     3 |       |       ||     3
       Distracted        |       |       |       |     2 |     3 |     1 ||     6
       Confused          |       |       |       |       |    10 |    18 ||    28
  Eat: Chunk             |     1 |    11 |    14 |    25 |    44 |    44 ||   139
Armor: Robe              |     9 |    26 |       |       |    41 |       ||    76
       Ring mail         |       |     7 |    82 |    87 |       |       ||   176
       Scale mail        |       |       |       |    94 |   397 |   572 ||  1063
Dodge: Dodged            |    71 |   122 |   161 |   327 |   555 |   636 ||  1872
Block: Buckler           |       |       |       |    45 |   248 |   195 ||   488
       Kite shield       |       |       |       |       |       |   248 ||   248
       Rpst.: Scimitar   |       |       |       |       |       |     1 ||     1

Table legend:
 A = Non-vault XP
 B = Vault XP
 C = Vault XP percentage of total XP
 D = Non-vault monster count
 E = Vault monster count
 F = Vault count percentage of total count
                 A         B        C        D         E       F
            +---------+---------+-------+---------+---------+-------
      Total |  187732 |  111146 |  37.2 |     709 |     294 |  29.3
            +---------+---------+-------+---------+---------+-------
        D:1 |      18 |       0 |   0.0 |      11 |       0 |   0.0
        D:2 |     125 |       0 |   0.0 |      36 |       0 |   0.0
        D:3 |     153 |     149 |  49.3 |      27 |      14 |  34.1
        D:4 |     100 |     461 |  82.2 |       4 |      13 |  76.5
        D:5 |     397 |       0 |   0.0 |      10 |       0 |   0.0
        D:6 |     831 |       0 |   0.0 |      22 |       0 |   0.0
        D:7 |    1486 |       0 |   0.0 |      28 |       0 |   0.0
        D:8 |    1857 |     462 |  19.9 |      16 |       1 |   5.9
        D:9 |    2038 |      41 |   2.0 |      26 |       4 |  13.3
       D:10 |    1285 |     801 |  38.4 |      15 |       9 |  37.5
       D:11 |    2502 |     224 |   8.2 |      32 |       1 |   3.0
       D:12 |    5558 |     408 |   6.8 |      31 |       7 |  18.4
       D:13 |    6115 |   12128 |  66.5 |      22 |      32 |  59.3
       D:14 |    8197 |    5096 |  38.3 |      33 |      10 |  23.3
       D:15 |    3705 |    5543 |  59.9 |      13 |       8 |  38.1
     Lair:1 |    2483 |    2254 |  47.6 |      11 |      10 |  47.6
     Lair:2 |    1920 |    2841 |  59.7 |       8 |      16 |  66.7
     Lair:3 |    8511 |     500 |   5.5 |      33 |       4 |  10.8
     Lair:4 |    4255 |       0 |   0.0 |      15 |       0 |   0.0
     Lair:5 |    5281 |     835 |  13.7 |      16 |       1 |   5.9
     Lair:6 |    4564 |    3960 |  46.5 |      13 |      15 |  53.6
    Swamp:1 |   11429 |       0 |   0.0 |      32 |       0 |   0.0
    Snake:1 |    8088 |       0 |   0.0 |      18 |       0 |   0.0
    Snake:2 |   17828 |    3136 |  15.0 |      31 |       6 |  16.2
    Snake:3 |    8542 |       0 |   0.0 |      16 |       0 |   0.0
    Snake:4 |   29152 |   32665 |  52.8 |      60 |      47 |  43.9
      Orc:1 |    5231 |       0 |   0.0 |      33 |       0 |   0.0
      Orc:2 |    2813 |   10014 |  78.1 |      31 |      57 |  64.8
      Elf:1 |   16033 |    9466 |  37.1 |      25 |      15 |  37.5
      Elf:2 |   27235 |   20162 |  42.5 |      41 |      24 |  36.9
            +---------+---------+-------+---------+---------+-------
